% Time on Ice - SALEM BLACK JAYS
Lines # - Real PCT - Wanted PCT - Time Play
Normal Forward
1 - 29% - 33% - 14:35
2 - 28% - 32% - 13:59
3 - 22% - 25% - 10:54
4 - 21% - 10% - 10:19
Normal Defense
1 - 36% - 36% - 18:06
2 - 29% - 31% - 14:36
3 - 28% - 23% - 13:56
4 - 6% - 10% - 3:09
PP Forward
1 - 45% - 55% - 2:41
2 - 55% - 45% - 3:16
PP Defense
1 - 46% - 55% - 2:43
2 - 54% - 45% - 3:14
PK Forward
1 - 64% - 55% - 2:45
2 - 36% - 45% - 1:31
PK Defense
1 - 48% - 55% - 2:03
2 - 52% - 45% - 2:13
PK3 Forward
1 - 0% - 55%
2 - 0% - 45%
PK3 Defense
1 - 0% - 55%
2 - 0% - 45%
44 Forward
1 - 0% - 55%
2 - 0% - 45%
44 Defense
1 - 0% - 55%
2 - 0% - 45%
Last Minute Offensive  - 0:00
Last Minute Defensive  - 0:00
Total
Forward - 60:00
Defense - 60:00
% Time on Ice - COLORADO GLACIERCATS
Lines # - Real PCT - Wanted PCT - Time Play
Normal Forward
1 - 34% - 36% - 17:09
2 - 33% - 33% - 16:25
3 - 30% - 27% - 15:04
4 - 2% - 4% - 1:09
Normal Defense
1 - 33% - 34% - 16:32
2 - 36% - 34% - 18:00
3 - 26% - 25% - 13:07
4 - 4% - 7% - 2:08
PP Forward
1 - 46% - 55% - 1:59
2 - 54% - 45% - 2:17
PP Defense
1 - 58% - 60% - 2:28
2 - 42% - 40% - 1:48
PK Forward
1 - 54% - 50% - 3:11
2 - 46% - 50% - 2:46
PK Defense
1 - 65% - 50% - 3:53
2 - 35% - 50% - 2:04
PK3 Forward
1 - 0% - 50%
2 - 0% - 50%
PK3 Defense
1 - 0% - 50%
2 - 0% - 50%
44 Forward
1 - 0% - 50%
2 - 0% - 50%
44 Defense
1 - 0% - 45%
2 - 0% - 55%
Last Minute Offensive  - 0:00
Last Minute Defensive  - 0:00
Total
Forward - 60:00
Defense - 60:00
Play-by-Play 1st period 0:01 of 1st period - Mathew Barzal wins face-off versus Tomas Hertl in neutral zone. 0:13 of 1st period - Shot by Tomas Hertl. 0:13 of 1st period - Shot Misses the Net. 0:14 of 1st period - Minor Penalty to Nick Jensen for Hooking. 0:15 of 1st period - Brayden Schenn wins face-off versus Brian Boyle in SALEM BLACK JAYS zone. 0:16 of 1st period - Shot by Blake Wheeler. 0:16 of 1st period - Deflect By Brayden Schenn. 0:16 of 1st period - Shot Misses the Net. 0:28 of 1st period - Shot by Kristopher Letang. 0:28 of 1st period - Stopped by Juuse Saros with a rebound. 0:30 of 1st period - Shot by Brayden Schenn. 0:30 of 1st period - Shot Blocked by Scott Mayfield. 0:32 of 1st period - Shot by Kristopher Letang. 0:32 of 1st period - Goal by Kristopher Letang - SALEM BLACK JAYS : 0 - COLORADO GLACIERCATS : 1. 0:33 of 1st period - Dylan Cozens wins face-off versus Kevin Hayes in neutral zone. 1:06 of 1st period - Shot by Jamie Benn. 1:06 of 1st period - Stopped by Juuse Saros with a rebound. 3:05 of 1st period - Minor Penalty to Luke Schenn for Hooking. 3:06 of 1st period - Tage Thompson wins face-off versus Mathew Barzal in COLORADO GLACIERCATS zone. 3:20 of 1st period - Shot by Troy Terry. 3:20 of 1st period - Shot Misses the Net. 3:38 of 1st period - Shot by Mathew Barzal. 3:38 of 1st period - Shot Misses the Net. 4:01 of 1st period - Icing by Martin Necas. 4:02 of 1st period - Martin Necas wins face-off versus Tage Thompson in SALEM BLACK JAYS zone. 4:22 of 1st period - Shot by Tage Thompson. 4:22 of 1st period - Stopped by Juuse Saros without a rebound. 4:23 of 1st period - Mathew Barzal wins face-off versus Tage Thompson in SALEM BLACK JAYS zone. 4:36 of 1st period - Shot by Troy Terry. 4:36 of 1st period - Shot Misses the Net. 4:38 of 1st period - Shot by Nick Jensen. 4:38 of 1st period - Stopped by Marc-Andre Fleury without a rebound. 4:39 of 1st period - Tage Thompson wins face-off versus Martin Necas in COLORADO GLACIERCATS zone. 5:00 of 1st period - Shot by Mitchell Marner. 5:00 of 1st period - Shot Hit the Post. 5:09 of 1st period - Icing by Jamie Benn. 5:10 of 1st period - Dylan Cozens wins face-off versus Kevin Hayes in COLORADO GLACIERCATS zone. 5:13 of 1st period - Shot by Filip Chytil. 5:13 of 1st period - Deflect By Dylan Cozens. 5:13 of 1st period - Shot Misses the Net. 5:25 of 1st period - Shot by Dylan Cozens. 5:25 of 1st period - Shot Misses the Net. 5:27 of 1st period - Shot by Joshua Morrissey. 5:27 of 1st period - Stopped by Marc-Andre Fleury without a rebound. 5:28 of 1st period - Mathew Barzal wins face-off versus Tage Thompson in COLORADO GLACIERCATS zone. 5:37 of 1st period - Shot by Brayden Schenn. 5:37 of 1st period - Goal by Brayden Schenn - SALEM BLACK JAYS : 0 - COLORADO GLACIERCATS : 2. 5:38 of 1st period - Mathew Barzal wins face-off versus Tomas Hertl in neutral zone. 6:03 of 1st period - Shot by Alex Iafallo. 6:03 of 1st period - Shot Blocked by Michael Del Zotto. 6:05 of 1st period - Shot by Sam Reinhart. 6:05 of 1st period - Stopped by Juuse Saros without a rebound. 6:06 of 1st period - Tage Thompson wins face-off versus Troy Terry in SALEM BLACK JAYS zone. 6:08 of 1st period - Blake Wheeler is hit by Nick Jensen and loses puck. 7:06 of 1st period - Tomas Hertl is hit by Joshua Morrissey and loses puck. 7:21 of 1st period - Nick Jensen is hit by Sam Reinhart and loses puck. 7:33 of 1st period - Icing by Joshua Morrissey. 7:34 of 1st period - Kevin Hayes wins face-off versus Mitchell Marner in SALEM BLACK JAYS zone. 7:40 of 1st period - Minor Penalty to Joshua Morrissey for Hooking. 7:41 of 1st period - Theodor Blueger wins face-off versus Brayden Schenn in SALEM BLACK JAYS zone. 8:56 of 1st period - Off-side. 8:57 of 1st period - Tomas Hertl wins face-off versus Mitchell Marner in neutral zone. 9:47 of 1st period - Shot by Jamie Benn. 9:47 of 1st period - Stopped by Juuse Saros without a rebound. 9:48 of 1st period - Mathew Barzal wins face-off versus Kevin Hayes in SALEM BLACK JAYS zone. 10:41 of 1st period - Shot by Filip Chytil. 10:41 of 1st period - Stopped by Marc-Andre Fleury without a rebound. 10:42 of 1st period - Dylan Cozens wins face-off versus Tomas Hertl in COLORADO GLACIERCATS zone. 11:23 of 1st period - Shot by Alex Iafallo. 11:23 of 1st period - Stopped by Juuse Saros with a rebound. 11:47 of 1st period - Mario Ferraro is hit by Martin Necas and loses puck. 12:43 of 1st period - Off-side. 12:44 of 1st period - Troy Terry wins face-off versus Tage Thompson in neutral zone. 12:53 of 1st period - Shot by Troy Terry. 12:53 of 1st period - Shot Blocked by Vince Dunn. 13:08 of 1st period - Icing by Blake Wheeler. 13:09 of 1st period - Tage Thompson wins face-off versus Mathew Barzal in COLORADO GLACIERCATS zone. 13:20 of 1st period - Shot by Tage Thompson. 13:20 of 1st period - Shot Misses the Net. 13:40 of 1st period - Shot by Evgeny Dadonov. 13:40 of 1st period - Shot Blocked by Blake Wheeler. 13:42 of 1st period - Shot by Mikko Rantanen. 13:42 of 1st period - Goal by Mikko Rantanen - SALEM BLACK JAYS : 1 - COLORADO GLACIERCATS : 2. 13:43 of 1st period - Kevin Hayes wins face-off versus Theodor Blueger in neutral zone. 14:19 of 1st period - Shot by Theodor Blueger. 14:19 of 1st period - Shot Misses the Net. 14:26 of 1st period - Icing by Luke Schenn. 14:27 of 1st period - Troy Terry wins face-off versus Kevin Hayes in COLORADO GLACIERCATS zone. 14:38 of 1st period - Shot by Troy Terry. 14:38 of 1st period - Stopped by Marc-Andre Fleury without a rebound. 14:39 of 1st period - Mathew Barzal wins face-off versus Tage Thompson in COLORADO GLACIERCATS zone. 15:21 of 1st period - Shot by Tage Thompson. 15:21 of 1st period - Shot Misses the Net. 15:42 of 1st period - Icing by Tomas Hertl. 15:43 of 1st period - Tomas Hertl wins face-off versus Troy Terry in COLORADO GLACIERCATS zone. 15:43 of 1st period - Tomas Hertl is hit by Brian Boyle. 15:54 of 1st period - Sam Reinhart is hit by Cody Ceci and loses puck. 15:58 of 1st period - Icing by Cody Ceci. 15:59 of 1st period - Sam Reinhart wins face-off versus Troy Terry in SALEM BLACK JAYS zone. 16:30 of 1st period - Shot by Matthew Highmore. 16:30 of 1st period - Stopped by Juuse Saros without a rebound. 16:31 of 1st period - Theodor Blueger wins face-off versus Brayden Schenn in SALEM BLACK JAYS zone. 16:35 of 1st period - Off-side. 16:36 of 1st period - Tage Thompson wins face-off versus Theodor Blueger in neutral zone. 16:55 of 1st period - Shot by Tage Thompson. 16:55 of 1st period - Deflect By Blake Wheeler. 16:55 of 1st period - Stopped by Juuse Saros without a rebound. 16:56 of 1st period - Tomas Hertl wins face-off versus Mathew Barzal in SALEM BLACK JAYS zone. 17:27 of 1st period - Shot by Tomas Hertl. 17:27 of 1st period - Shot Blocked by Mikko Rantanen. 17:31 of 1st period - Shot by Sam Reinhart. 17:31 of 1st period - Shot Misses the Net. 17:36 of 1st period - Minor Penalty to Scott Mayfield for Hooking. 17:37 of 1st period - Brayden Schenn wins face-off versus Brian Boyle in SALEM BLACK JAYS zone. 18:40 of 1st period - Shot by Sam Reinhart. 18:40 of 1st period - Shot Misses the Net. 18:42 of 1st period - Shot by Sam Reinhart. 18:42 of 1st period - Stopped by Juuse Saros without a rebound. 18:43 of 1st period - Theodor Blueger wins face-off versus Sam Reinhart in SALEM BLACK JAYS zone. 18:43 of 1st period - Theodor Blueger is hit by Tomas Hertl. 18:53 of 1st period - Shot by Tomas Hertl. 18:53 of 1st period - Deflect By Tage Thompson. 18:53 of 1st period - Stopped by Juuse Saros without a rebound. 18:54 of 1st period - Tomas Hertl wins face-off versus Theodor Blueger in SALEM BLACK JAYS zone. 19:36 of 1st period - Sam Reinh